 Dungeon Crawl Stone Soup version 0.31-a0-1074-g0b22e4e0f1 (webtiles) character file.

Game seed: 7109937105791221348

63 graki42 the Conjurer (level 3, -1/19 HPs)
             Began as a Deep Elf Conjurer on Nov 26, 2023.
             Slain by Crazy Yiuf
             ... wielding a +4 quarterstaff of chaos
              (12 damage)
             ... on level 3 of the Dungeon.
             The game lasted 00:03:56 (1820 turns).

graki42 the Conjurer (Deep Elf Conjurer)            Turns: 1820, Time: 00:03:57

Health: -1/19      AC:  3    Str:  6    XL:     3   Next: 87%
Magic:  8/10       EV: 12    Int: 22    God:
Gold:   145        SH:  0    Dex: 13    Spells: 6/9 levels left

rFire   . . .        e - +0 dagger
rCold   . . .        (no shield)
rNeg    . . .        a - +0 robe
rPois   .            (no helmet)
rElec   .            c - +0 cloak
rCorr   .            (no gloves)
SInv    .            (no boots)
Will    .....        (no amulet)
Stlth   ++           (no ring)
HPRegen 0.23/turn    (no ring)
MPRegen 0.12/turn

%: no passive effects
@: no status effects
A: no striking features
a: no special abilities


You were on level 3 of the Dungeon.
You visited 1 branch of the dungeon, and saw 3 of its levels.

You collected 145 gold pieces.

Inventory:

Hand Weapons
 e - a +0 dagger (weapon)
Armour
 a - a +0 robe (worn)
 c - a +0 cloak (worn)
Jewellery
 g - a ring of ice
Wands
 p - a wand of light (8)
 q - a wand of iceblast (3)
Scrolls
 d - a scroll of vulnerability {unknown}
 m - 2 scrolls of identify {unknown}
 o - a scroll of blinking {unknown}
 r - a scroll of acquirement {unknown}
 s - a scroll of poison {unknown}
Potions
 b - a potion of magic
 f - a potion of degeneration {unknown}
 h - a potion of might {unknown}
 i - 2 potions of heal wounds {unknown}
 j - a potion of mutation {unknown}
 k - a potion of haste {unknown}
 l - a potion of lignification {unknown}
 n - a potion of attraction {unknown}


   Skills:
 - Level 3.0 Dodging
 - Level 3.0 Stealth
 + Level 3.9 Spellcasting
 * Level 5.2 Conjurations


You had 6 spell levels left.
You knew the following spells:

 Your Spells              Type           Power      Damage    Failure   Level
a - Magic Dart            Conj           100%       1d8       1%          1
b - Searing Ray           Conj           54%        2d6       1%          2

Your spell library contained the following spells:

 Spells                   Type           Power      Damage    Failure   Level
 Dazzling Flash           Conj/Hex       30%        N/A       12%         3
 Fulminant Prism          Conj/Hex       7%         3d6       36%         4
 Iskenderun's Mystic Bla  Conj/Tloc      15%        2d5       36%         4


Dungeon Overview and Level Annotations

Branches:
Dungeon (3/15)

Altars:

Annotations:
D:3 2 transporters, Crazy Yiuf; flestrin's ghost, weakling DsNe


Message History

The endoplasm quivers. (Press . to maintain the ray.)
The searing ray hits the endoplasm!
You kill the endoplasm!
The goblin shouts!
The goblin splashes around in the water.
The goblin hits the plant with a +0 club.
The plant begins to die.
The goblin hits the plant with a +0 club.
The goblin hits the plant with a +0 club.
The goblin splashes around in the water.
The goblin splashes around in the water.
A nearby plant withers and dies.
A goblin is nearby!
Casting: Searing Ray (safe; 1% risk of failure)
Confirm with . or Enter, or press ? or * to list all spells.
Aiming: Magic Dart (safe; 1% risk of failure)
Press: ? - help, Shift-Dir - straight line, f - goblin
Aim: a goblin, wielding a +0 club (100% to hit)
The magic dart hits the goblin.
You kill the goblin!
s - a scroll labelled ISHRIO PUDI
Found a stone staircase leading up.
Found two hammers.
You see here a +0 hammer.
You see here a +2 hammer of holy wrath.
Found a hammer.
Found a runed translucent door.
You open the door.
Casting: Magic Dart (safe; 1% risk of failure)
Confirm with . or Enter, or press ? or * to list all spells.
Aiming: Searing Ray (safe; 1% risk of failure)
Press: ? - help, Shift-Dir - straight line, f - Crazy Yiuf
Aim: Crazy Yiuf, wielding a +4 quarterstaff of chaos and wearing a +1 cloak of stealth (82% to hit)
The searing ray hits Crazy Yiuf.
Crazy Yiuf is lightly wounded. (Press . to maintain the ray.) Crazy Yiuf hits you with a +4 quarterstaff of chaos!
You are electrocuted!
Ouch! That really hurt!
You die...

##..))#
#
#....#
♣.P).♣
♣♣.P.♣
♣♣.♣♣
♣♣.♣
♣.♣♣
♣♣.♣
♣@♣♣
#g# ...
#...#
#)..#
#####


You could see Crazy Yiuf.

Vanquished Creatures
  2 adders
  A dart slug (D:2)
  3 orcs (D:3)
  3 ball pythons
  5 endoplasms
  2 giant cockroaches
  3 goblins
  13 kobolds
  2 bats (D:2)
  A frilled lizard (D:1)
  2 rats
37 creatures vanquished.

Vanquished Creatures (others)
  An octopode (D:1)
  A draconian (D:1)
  A gargoyle (D:1)
  A vine stalker (D:1)
  A troll (D:1)
  A human (D:1)
  A naga (D:1)
  An ogre (D:1)
  A felid (D:1)
  3 mummies (D:1)
  16 tentacles (D:1)
28 creatures vanquished.

Grand Total: 65 creatures vanquished

Notes
Turn   | Place    | Note
-------+----------+-------------------------------------------
     0 | D:1      | graki42 the Deep Elf Conjurer began the quest for the Orb.
     0 | D:1      | Reached XP level 1. HP: 10/10 MP: 6/6
     0 | D:1      | Noticed a gargoyle
     0 | D:1      | Noticed a felid
     0 | D:1      | Noticed a human
     0 | D:1      | Noticed a vine stalker
     0 | D:1      | Noticed an octopode
     0 | D:1      | Noticed a troll
     0 | D:1      | Noticed a kraken
     0 | D:1      | Noticed an ogre
     0 | D:1      | Noticed a draconian
     0 | D:1      | Noticed a naga
     4 | D:1      | Killed a gargoyle
     7 | D:1      | Killed a troll
     8 | D:1      | Killed an octopode
     8 | D:1      | Killed a vine stalker
    12 | D:1      | Killed a felid
    15 | D:1      | Killed a human
    17 | D:1      | Killed an ogre
    17 | D:1      | Killed a naga
    18 | D:1      | Killed a draconian
   329 | D:1      | Reached XP level 2. HP: 15/15 MP: 6/8
   332 | D:1      | Learned a level 2 spell: Searing Ray
   943 | D:2      | Reached XP level 3. HP: 19/19 MP: 5/9
  1137 | D:2      | Reached skill level 5 in Conjurations
  1423 | D:2      | Found a faded altar of an unknown god.
  1539 | D:3      | Found a transporter.
  1541 | D:3      | Noticed a scorpion
  1543 | D:3      | Noticed flestrin's ghost (weakling DsNe)
  1544 | D:3      | Found a transporter.
  1815 | D:3      | Found a runed translucent door.
  1816 | D:3      | Noticed Crazy Yiuf
  1820 | D:3      | Slain by Crazy Yiuf

Illustrated notes

Levels and vault maps discovered:
D:1:      nicolae_arrival_kraken_aquarium_a, layout_basic
D:2:      layout_loops_ring, hellmonk_ecumenical_altar_leap_of_faith,
          minmay_misc_feat_more_columns, nrook_mini_backslash
D:3:      wad_lake_hut, layout_basic, gammafunk_ghost_arena,
          serial_bayou_pond_c, uniq_crazy_yiuf_cottage

Skill      XL: |  1  2  3 |
---------------+----------+-----
Stealth        | 3 |  3.0
Dodging        | 3 |  3.0
Conjurations   | 5 |  5.2
Spellcasting   | |  3.9

Action                     || total
---------------------------++-------
  Melee: Dagger            ||     4
   Cast: Magic Dart        ||    51
         Searing Ray       ||     5
 Armour: Robe              ||     8
  Dodge: Dodged            ||     6

Table legend: (Time is in decaauts)
 A = Elapsed time spent in this place.
 B = Non-inter-level travel time spent in this place.
 C = Inter-level travel time spent in this place.
 D = Time resting spent in this place.
 E = Time spent auto-exploring this place.
 F = Levels seen in this place.
 G = Mean time per level.
                   A        B        C        D        E       F      G
               +--------+--------+--------+--------+--------+-----+--------+
         Total |   1818 |   1798 |     20 |      0 |   1623 |   3 |  606.0 |
       Dungeon |   1818 |   1798 |     20 |      0 |   1623 |   3 |  606.0 |
               +--------+--------+--------+--------+--------+-----+--------+

Top non-repeatable levels by time:
     D:2: 843 daAuts
     D:1: 680 daAuts
     D:3: 294 daAuts
